 Dungeon Crawl Stone Soup version 0.25.1-9-gc5326a611f (webtiles) character file.

Game seed: 6066470902932556473

505 stebl the Zephyrmancer (level 7, -1/40 HPs)
             Began as a Tengu Air Elementalist on Dec 24, 2020.
             Was an Initiate of Vehumet.
             Slain by an ogre
             ... wielding a +0 giant club
              (4 damage)
             ... on level 5 of the Dungeon.
             The game lasted 00:16:18 (5269 turns).

stebl the Zephyrmancer (Tengu Air Elementalist)     Turns: 5269, Time: 00:16:19

Health: -1/40      AC:  3    Str:  8    XL:     7   Next: 18%
Magic:  11/14      EV: 13    Int: 17    God:    Vehumet [......]
Gold:   130        SH:  5    Dex: 15    Spells: 4/14 levels left

rFire    . . .     SeeInvis .   t - +11 dagger "Papsao Ipri" {holy, *Drain rPois rN+ Stlth+}
rCold    . . .     Gourm    .   (no shield)
rNeg     + . .     Faith    .   a - +1 robe
rPois    +         Spirit   .   (helmet restricted)
rElec    .         Reflect  +   (no cloak)
rCorr    .         Harm     .   (no gloves)
MR       +....                  (boots unavailable)
Stlth    +++.......             h - amulet of reflection
HPRegen  0.13/turn              M - ring of protection from magic
MPRegen  0.14/turn              (no ring)

@: about to teleport
A: beak, talons 3, able to fly
a: Fly, Renounce Religion


You were on level 5 of the Dungeon.
You worshipped Vehumet.
Vehumet was noncommittal.
You were not hungry.

You visited 1 branch of the dungeon, and saw 5 of its levels.

You collected 130 gold pieces.


Innate Abilities, Weirdness & Mutations

You have a beak for a mouth.
You have claws for feet.
You can fly continuously.


   Skills:
 + Level 2.8 Fighting
 - Level 2.1 Dodging
 - Level 2.0 Stealth
 - Level 4.0 Spellcasting
 - Level 1.3 Conjurations
 + Level 8.1 Air Magic


You had 4 spell levels left.
You knew the following spells:

 Your Spells              Type           Power        Failure   Level  Hunger
i - Swiftness             Chrm/Air       ###.....     4%          2    ##.....
k - Airstrike             Air            ####......   5%          4    ####...
t - Static Discharge      Conj/Air       ###.....     7%          3    ###....
z - Shock                 Conj/Air       ###.         2%          1    None

Your spell library contained the following spells:

 Spells                   Type           Power        Failure   Level  Hunger
 Lightning Bolt           Conj/Air       ###.......   52%         5    ######.

Inventory:

Hand Weapons
 t - the +11 dagger "Papsao Ipri" (weapon) {holy, *Drain rPois rN+ Stlth+}
   (You found it on level 4 of the Dungeon)

   It has been blessed by the Shining One to cause great damage to the undead
   and demons.
   It protects you from poison.
   It protects you from negative energy.
   It causes draining when unequipped.
   It makes you more stealthy.
Missiles
 n - 112 stones (quivered)
Armour
 a - a +1 robe (worn)
Jewellery
 h - an amulet of reflection (around neck)
 q - a +4 ring of protection {unknown}
 M - a ring of protection from magic (left hand)
Wands
 r - a wand of clouds (4)
 s - a wand of iceblast (7)
Scrolls
 b - 4 scrolls of identify {@r1}
 d - 2 scrolls of enchant weapon
 f - a scroll of amnesia
 g - a scroll of magic mapping
 j - a scroll of enchant armour
 k - 3 scrolls of noise
 o - a scroll of remove curse {@r2}
Potions
 e - a potion of flight
 i - a potion of invisibility {unknown}
 l - 2 potions of curing {unknown}
 m - a potion of stabbing {unknown}
 p - 3 potions of degeneration {unknown}
 v - a potion of mutation {unknown}
Comestibles
 c - 9 rations {@e1}
 x - 2 chunks of flesh

Dungeon Overview and Level Annotations

Branches:
Dungeon (5/15)
 Temple: D:4-7

Altars:
Kikubaaqudgha
Vehumet
Yredelemnul

Annotations:
D:5 Grinder

,,,* ,,,*******
,,,,,,,,,*
,,,,,,,*,****** ######
**,,,,,*,*#,,,* #....#
,,,,,,,*,*#.,,* #....#
,**,,,,*.##..,* #....#
,,,,,,,*......#####....#
,,,,,,,,.....FoO@.....>##
,,,,,,<,......###.......#
,*,*,,,,.....,* #.(.....#
,*,,,,,,....*** #?......#
**,*,,^,...,* #...5.†.#
*,,,,,,.#*** ######.##
*,,,,,,,* #.# **,,****,*
###.#### *,,,,* *,*
#......#


You could see Grinder (inner flame), an ogre (inner flame), a bullfrog (inner
flame) and an orc (inner flame).


Message History

You hear a howl!
You hear an angry hiss.
You hear a shout!
You hear an angry hiss.
You hear a shout!
The ogre barely misses you.
You see here a howler monkey corpse.
As you read the scroll labeled OBUFAR POIKO, it crumbles to dust.
It is a scroll of enchant armour.
Your +0 robe glows green for a moment.
The ogre closely misses you.
As you read the scroll labeled VIJYT GIQOU, it crumbles to dust.
You feel aware of your surroundings.
You sensed 1 shop/portal.
It was a scroll of magic mapping.
A bullfrog comes into view.
As you read the scroll labeled XAFUCS SEJIWA, it crumbles to dust.
It is a scroll of amnesia.
Really abort (and waste the scroll)? [Y]es or [N]o only, please.
Really abort (and waste the scroll)?
Okay, then.
The ogre hits you with a +0 giant club!!
Ouch! That really hurt!
* * * LOW HITPOINT WARNING * * *
As you read the scroll labeled FERUDE ROUPEXE, it crumbles to dust.
The creatures around you are filled with an inner flame!
It was a scroll of immolation.
The ogre closely misses you.
As you read the scroll labeled JAREMOXEFA, it crumbles to dust.
You feel strangely unstable.
It was a scroll of teleportation.
The orc hits you from afar with a +1 antimagic trident.
* * * LOW HITPOINT WARNING * * *
You feel your power leaking away. The ogre hits you with a +0 giant club.
You die...

Skill      XL: |  1  2  3  4  5  6  7 |
---------------+----------------------+-----
Air Magic      | 5 6 7 8 |  8.1
Spellcasting   | 3 4 |  4.0
Fighting       | 2 |  2.8
Dodging        | |  2.1
Stealth        | |  2.0
Conjurations   | |  1.3

Action                   |  1- 3 |  4- 6 |  7- 9 || total
-------------------------+-------+-------+-------++-------
Melee: Unarmed           |     1 |       |       ||     1
       Dagger            |       |     7 |     2 ||     9
       Kick              |       |     2 |       ||     2
       Peck              |       |     1 |     1 ||     2
 Cast: Shock             |    73 |   138 |     5 ||   216
       Swiftness         |       |     1 |       ||     1
       Airstrike         |       |     2 |       ||     2
       Static Discharge  |       |     6 |     3 ||     9
Evoke: Wand              |       |     1 |       ||     1
  Use: Scroll            |       |       |     9 ||     9
  Eat: Chunk             |     2 |     8 |     2 ||    12
       Ration            |       |     1 |       ||     1
Armor: Robe              |     8 |     2 |       ||    10
Dodge: Dodged            |     4 |    15 |     3 ||    22
Block: Other             |       |     4 |       ||     4
       Reflection        |       |     2 |       ||     2

Levels and vault maps discovered:
D:1:      zaba_arrival_water, layout_rooms
D:2:      layout_loops_corners, lemuel_round_altar, dk_noncrumbling_4
D:3:      layout_loops_corners, lemuel_crystal_altar, first_ration,
          minmay_circle_x, uniq_ijyb
D:4:      layout_rooms
D:5:      layout_basic, vehumet_crystals, nicolae_ossuary_entry_plus,
          uniq_grinder

Notes
Turn   | Place    | Note
-------+----------+-------------------------------------------
     0 | D:1      | stebl the Tengu Air Elementalist began the quest for the
                  | Orb.
     0 | D:1      | Reached XP level 1. HP: 10/10 MP: 4/4
   125 | D:1      | Reached XP level 2. HP: 15/15 MP: 3/6
   493 | D:1      | Reached skill level 5 in Air Magic
   503 | D:1      | Reached XP level 3. HP: 15/19 MP: 0/7
  1116 | D:2      | Learned a level 2 spell: Swiftness
  1120 | D:2      | Learned a level 3 spell: Static Discharge
  1344 | D:2      | Reached XP level 4. HP: 22/24 MP: 2/9
  1945 | D:2      | Reached skill level 6 in Air Magic
  1992 | D:2      | Found a basalt altar of Yredelemnul.
  2503 | D:3      | Reached skill level 3 in Spellcasting
  2932 | D:3      | Gained mutation: You can fly continuously. [Tengu growth]
  2932 | D:3      | Reached XP level 5. HP: 23/28 MP: 5/10
  3151 | D:3      | Found an ancient bone altar of Kikubaaqudgha.
  3325 | D:3      | Noticed Ijyb
  3332 | D:3      | Learned a level 4 spell: Airstrike
  3344 | D:3      | Killed Ijyb
  3344 | D:3      | Reached skill level 7 in Air Magic
  3993 | D:4      | Reached XP level 6. HP: 33/33 MP: 5/12
  4126 | D:4      | Got a steaming dagger
  4127 | D:4      | Identified the +11 dagger "Papsao Ipri" {holy, *Drain rPois
                  | rN+ Stlth+} (You found it on level 4 of the Dungeon)
  4169 | D:4      | Reached skill level 1 in Fighting
  4311 | D:4      | Reached skill level 4 in Spellcasting
  4922 | D:5      | Entered Level 5 of the Dungeon
  4928 | D:5      | Found a radiant altar of Vehumet.
  4933 | D:5      | Noticed a phantom
  4936 | D:5      | Became a worshipper of Vehumet
  5047 | D:5      | Reached skill level 2 in Fighting
  5056 | D:5      | Reached XP level 7. HP: 24/40 MP: 0/14
  5217 | D:5      | Reached skill level 8 in Air Magic
  5252 | D:5      | Noticed Grinder
  5269 | D:5      | HP: 3/40 [orc/+1 antimagic trident (2)]
  5269 | D:5      | Slain by an ogre

Vanquished Creatures
  A scorpion (D:5)
  A howler monkey (D:5)
  A centaur zombie (D:5)
  2 orc wizards (D:4)
  A centaur skeleton (D:4)
  An orc priest (D:4)
  Ijyb (D:3)
  A worker ant (D:4)
  A hound zombie (D:5)
  A hound skeleton (D:4)
  3 gnolls (D:3)
  7 adders
  2 oozes
  An adder zombie (D:5)
  2 worms (D:3)
  3 dart slugs
  3 leopard geckos
  6 orcs
  11 bats
  6 goblins
  7 hobgoblins
  3 jackals
  7 kobolds
  A quokka (D:4)
  A ball python skeleton (D:3)
  7 frilled lizards
  9 rats
90 creatures vanquished.

Table legend:
 A = Turns spent in this place as a percentage of turns spent in the entire game.
 B = Non-inter-level travel turns spent in this place as a percentage of non-inter-level travel turns spent in the entire game.
 C = Inter-level travel turns spent in this place as a percentage of turns spent in this place.
 D = Turns resting spent in this place as a percentage of non-inter-level travel turns spent in this place.
 E = Turns spent auto-exploring this place as a percentage of non-inter-level travel turns spent in this place.
 F = Non-inter-level travel turns spent in this place divided by the number of levels of this place that you've seen.
                   A       B       C       D       E      F
               +-------+-------+-------+-------+-------+----------------------
         Total | 100.0 | 100.0 |   4.0 |  29.0 |  57.7 | 1011.4
       Dungeon | 100.0 | 100.0 |   4.0 |  29.0 |  57.7 | 1011.4
               +-------+-------+-------+-------+-------+----------------------

Table legend:
 A = Non-vault XP
 B = Vault XP
 C = Vault XP percentage of total XP
 D = Non-vault monster count
 E = Vault monster count
 F = Vault count percentage of total count
                 A         B        C        D         E       F
            +---------+---------+-------+---------+---------+-------
      Total |     671 |      51 |   7.1 |      81 |       9 |  10.0
            +---------+---------+-------+---------+---------+-------
        D:1 |      55 |       0 |   0.0 |      30 |       0 |   0.0
        D:2 |      63 |       0 |   0.0 |      10 |       0 |   0.0
        D:3 |     119 |      51 |  30.0 |      22 |       9 |  29.0
        D:4 |     234 |       0 |   0.0 |      13 |       0 |   0.0
        D:5 |     200 |       0 |   0.0 |       6 |       0 |   0.0
            +---------+---------+-------+---------+---------+-------
